 Dungeon Crawl Stone Soup version 0.27.1-3-gb3d3a73c9e (webtiles) character file.

Game seed: 2623402258960856601

72 Urokeeper the Bolt Thrower (level 4, -3/26 HPs)
             Began as a Kobold Hunter on Oct 14, 2021.
             Killed from afar by an orc wizard (10 damage)
             ... with a puff of flame
             ... on level 3 of the Dungeon.
             The game lasted 00:05:32 (1611 turns).

Urokeeper the Bolt Thrower (Kobold Hunter)          Turns: 1611, Time: 00:05:33

Health: -3/26      AC:  4    Str: 10    XL:     4   Next: 50%
Magic:  4/4        EV: 14    Int: 12    God:
Gold:   42         SH:  0    Dex: 15    Spells: 3/3 levels left

rFire    . . .     SeeInvis .   b - +0 short sword
rCold    . . .     Faith    .   (shield restricted)
rNeg     . . .     Spirit   .   c - +0 leather armour
rPois    .         Reflect  .   (no helmet)
rElec    .         Harm     .   i - +0 cloak
rCorr    .         Rampage  .   (no gloves)
Will     .....                  (no boots)
Stlth    ++........             (no amulet)
HPRegen  0.08/turn              (no ring)
MPRegen  0.09/turn              (no ring)

@: confused
A: small, no large weapons, nightstalker 3
a: no special abilities


You were on level 3 of the Dungeon.
You visited 1 branch of the dungeon, and saw 3 of its levels.

You collected 42 gold pieces.

Inventory:

Hand Weapons
 a - a +1 hand crossbow
 b - a +0 short sword (weapon)
Missiles
 d - 12 bolts
Armour
 c - a +0 leather armour (worn)
 i - a +0 cloak (worn)
Magical Staves
 h - a staff of poison
Scrolls
 f - 2 scrolls of immolation
 j - a scroll of amnesia {unknown}
 k - a scroll of identify {unknown}
 l - a scroll of enchant weapon {unknown}
Potions
 e - a potion of brilliance {unknown}
 g - a potion of invisibility {unknown}


   Skills:
 - Level 2.1 Fighting
 * Level 3.1 Short Blades
 * Level 5.6 Crossbows
 - Level 2.4 Dodging
 + Level 2.8 Stealth


You had 3 spell levels left.
You didn't know any spells.
Your spell library was empty.

Dungeon Overview and Level Annotations

Branches:
Dungeon (3/15)

Altars:


Innate Abilities, Weirdness & Mutations

You are small and have problems with some larger weapons.
You are completely attuned to the shadows.


Message History

The orc wizard hits you with a +0 dagger.
You hit the orc wizard.
The orc wizard is heavily wounded.
The orc wizard barely misses you.
You closely miss the orc wizard.
The orc wizard is heavily wounded.
The orc wizard completely misses you.
You hit the orc wizard but do no damage.
The orc wizard is heavily wounded.
The orc wizard casts a spell at you.
You are confused.
An adder comes into view.
The adder hisses angrily.
Items here: )) [ †.
You bump into the rock wall.
The orc wizard gestures at you while chanting.
You are more confused.
You hit the orc wizard.
The orc wizard is almost dead.
The orc wizard gestures at you while chanting.
You are more confused.
You're too confused to move!
The orc wizard closely misses you.
You bump into the rock wall.
The orc wizard points at you and mumbles some strange words.
The puff of flame misses you.
You bump into the rock wall.
The orc wizard hits you with a +0 dagger.
You bump into the rock wall.
The orc wizard hits you with a +0 dagger.
The orc wizard casts a spell at you.
You are more confused.
You're too confused to move!
You're too confused to move!
The orc wizard gestures at you while chanting.
The magic dart hits you!
* * * LOW HITPOINT WARNING * * *
You bump into the rock wall.
The orc wizard gestures at you while chanting.
The puff of flame hits you!
You die...

## #. ######### ####### #.
(.......# #.....# #.
........#####.###.###########.
..........Soo................>
.........####@###.#####...###.
.........# #)# #.# ####.####
#........# #.# #.. .........
.........# #.# ### ####.####
......... #.# #.#... #.#
#.#.## #.#### #.#... #....#
#.#### ####.# #.#


You could see an orc wizard, an adder and an orc.

Vanquished Creatures
  Jessica (D:2)
  3 dart slugs
  5 orcs (D:3)
  3 ball pythons
  4 endoplasms
  2 goblins
  A hobgoblin (D:3)
  6 kobolds
  2 quokkas (D:1)
  3 bats
  4 frilled lizards
  A rat (D:3)
35 creatures vanquished.

Notes
Turn   | Place    | Note
-------+----------+-------------------------------------------
     0 | D:1      | Urokeeper the Kobold Hunter began the quest for the Orb.
     0 | D:1      | Reached XP level 1. HP: 12/12 MP: 1/1
   230 | D:1      | Reached skill level 1 in Short Blades
   230 | D:1      | Reached skill level 5 in Crossbows
   230 | D:1      | Reached XP level 2. HP: 17/17 MP: 2/2
   670 | D:1      | Reached XP level 3. HP: 21/21 MP: 3/3
   700 | D:1      | Found a faded altar of an unknown god.
  1073 | D:2      | Noticed Jessica
  1075 | D:2      | Killed Jessica
  1076 | D:2      | Reached XP level 4. HP: 26/26 MP: 4/4
  1611 | D:3      | Killed from afar by an orc wizard

Illustrated notes

Levels and vault maps discovered:
D:1:      amcnicky_arrival_single_pillar, layout_basic,
          hellmonk_ecumenical_altar_inner_sanctum
D:2:      layout_basic, uniq_jessica
D:3:      layout_basic, serial_glass, glass_columns_a, glass_columns_a,
          due_unseen_surprise, feat_on_display, minmay_strange_pillars

Skill      XL: |  1  2  3  4 |
---------------+-------------+-----
Short Blades   | 1 2 3 |  3.1
Crossbows      | 5 |  5.6
Stealth        | 2 |  2.8
Fighting       | |  2.1
Dodging        | |  2.4

Action                   |  1- 3 |  4- 6 || total
-------------------------+-------+-------++-------
Melee: Short sword       |    48 |    23 ||    71
 Fire: Hand crossbow     |    23 |    24 ||    47
  Use: Scroll            |       |     1 ||     1
 Stab: Sleeping          |     4 |       ||     4
Armor: Leather armour    |     9 |     1 ||    10
Dodge: Dodged            |    27 |    23 ||    50
